 Dungeon Crawl Stone Soup version 0.30-a0-802-gb92711bcdf (webtiles) character file.

Game seed: 2934356759887781148

1299 cforsyth the Trooper (level 8, -1/76 (78) HPs)
             Began as a Kobold Brigand on Feb 24, 2023.
             Succumbed to a hornet's poison
             ... on level 7 of the Dungeon.
             The game lasted 00:05:12 (5599 turns).

cforsyth the Trooper (Kobold Brigand)               Turns: 5599, Time: 00:05:13

HP:   -1/76 (78)    AC: 31    Str: 12    XL:     8   Next: 87%
MP:   8/8           EV:  6    Int: 12    God:
Gold: 350           SH:  0    Dex: 21    Spells: 7/7 levels left

rFire   . . .      SeeInvis +    u - +5 hand axe of the Pit {heavy, +Blink rC+ Str+3 SInv}
rCold   + . .      Faith    .    (no shield)
rNeg    + . .      Spirit   .    s - +16 plate armour of the Echidna {Dex+3}
rPois   .          Reflect  .    f - +1 helmet
rElec   .          Harm     .    c - +0 cloak
rCorr   .          Rampage  .    (no gloves)
Will    .....                    (no boots) Stlth
                                 (no amulet)
HPRegen 0.32/turn                n - ring of positive energy
MPRegen 0.11/turn                (no ring)

@: berserking, lethally poisoned (-1 -> -11), slowed, lightly drained
A: small, no large weapons, nightstalker 3
a: Evoke Blink


You were on level 7 of the Dungeon.
You visited 1 branch of the dungeon, and saw 7 of its levels.

You collected 350 gold pieces.

Inventory:

Hand Weapons
 a - a +2 dagger
 t - a +2 vampiric dagger
 u - the +5 hand axe of the Pit (weapon) {heavy, +Blink rC+ Str+3 SInv}
   (You found it on level 3 of the Dungeon)

   Str:       It affects your strength (+3).
   rC:        It protects you from cold.
   SInv:      It lets you see invisible.
   +Blink:    It lets you blink.
Missiles
 d - 32 poisoned darts (quivered)
 e - 8 curare-tipped darts
 x - 2 atropa-tipped darts
Armour
 b - a +0 robe
 c - a +0 cloak (worn)
 f - a +1 helmet (worn)
 s - the +16 plate armour of the Echidna (worn) {Dex+3}
   (You found it on level 3 of the Dungeon)

   Dex:       It affects your dexterity (+3).
Jewellery
 n - a ring of positive energy (left hand)
 B - a ring of poison resistance
Wands
 q - a wand of flame (40)
 v - a wand of polymorph (8)
 y - a wand of paralysis (5)
 C - a wand of iceblast (9)
Scrolls
 g - 7 scrolls of teleportation {unknown}
 h - 3 scrolls of amnesia {unknown}
 i - 4 scrolls of identify {unknown}
 j - a scroll of brand weapon {unknown}
 k - 2 scrolls of blinking {unknown}
 r - 3 scrolls of immolation {unknown}
 A - 2 scrolls of enchant weapon {unknown}
 F - a scroll of fear {unknown}
Potions
 l - 4 potions of curing {unknown}
 m - a potion of degeneration {unknown}
 o - a potion of berserk rage
 p - a potion of heal wounds {unknown}
 w - a potion of haste {unknown}
 z - a potion of cancellation {unknown}
 D - a potion of lignification {unknown}
 E - a potion of flight {unknown}


   Skills:
 + Level 6.6 Fighting
 - Level 3.4(3.5) Short Blades
 - Level 0.1(1.2) Long Blades
 + Level 4.7 Maces & Flails
 - Level 2.1 Throwing
 + Level 4.3 Armour
 - Level 2.2 Dodging
 - Level 5.8 Stealth


You had 7 spell levels left.
You didn't know any spells.
Your spell library contained the following spells:

 Spells                   Type           Power      Damage    Failure   Level
 Scorch                   Fire           0%         2d5       100%        2
 Flame Wave               Conj/Fire      0%         2d4       100%        4
 Summon Cactus Giant      Summ           0%         N/A       100%        6


Dungeon Overview and Level Annotations

Branches:
Dungeon (7/15)
 Temple: D:4-7

Altars:
Gozag
Nemelex Xobeh
Qazlal
Ru
Sif Muna
Uskayaw

Annotations:
D:6 2 transporters, asti's ghost, novice MiBe


Innate Abilities, Weirdness & Mutations

You are small and have problems with some larger weapons.
You are completely attuned to the shadows.


Message History

The hornet stings you!
You are more poisoned.
You feel yourself slow down.
You can move again.
You hit the hornet.
The hornet is heavily wounded.
You barely miss the wight.
You feel yourself speed up.
You feel extremely sick.
The hornet stings you but does no damage. x2
The wight hits you but does no damage. The hornet stings you.
* * * LOW HITPOINT WARNING * * *
You feel yourself slow down. The wight hits you but does no damage.
The hornet stings you.
* * * LOW HITPOINT WARNING * * *
You shrug off the repeated paralysis!
Unknown command.
A red film seems to cover your vision as you go berserk!
You feel yourself moving faster!
You feel mighty!
You feel very sick. The hornet barely misses you. The wight barely misses you.
The hornet stings you.
* * * LOW HITPOINT WARNING * * *
You are lethally poisoned!
You feel as though you will be slow longer.
The wight hits you but does no damage.
You closely miss the hornet.
The hornet is heavily wounded.
You hit the wight.
* * * LOW HITPOINT WARNING * * *
You feel very sick. The hornet barely misses you.
The wight hits you with a +3 falchion.
* * * LOW HITPOINT WARNING * * *
You partially resist.
You feel drained.
* * * LOW HITPOINT WARNING * * *
The hornet barely misses you.
You hit the hornet.
The hornet is severely wounded.
You hit the wight.
You die...

.......# .........##
.#......#...#..
................
#####...#..........<.
...z)+ #.....#...(..#
.#.#@# #....##.......
...y.###....##.......
#...#...#.#....>.....
..........#...#####..
#..####...###.# ##...
..# #....# ####<...
#...## #..... ##.##
#..... ### #....#


You could see a hornet and a wight.

Vanquished Creatures
  2 steam dragons
  A water moccasin (D:7)
  A black bear (D:5)
  An ice beast (D:6)
  A necrophage (D:6)
  4 scorpions
  4 orc priests
  A jelly (D:5)
  5 hounds
  An orc wizard (D:5)
  6 adders
  A white imp (D:6)
  An ufetubus (D:6)
  A dart slug (D:3)
  10 orcs
  8 endoplasms
  5 giant cockroaches
  7 goblins
  4 hobgoblins
  6 ball pythons
  5 bats
  4 frilled lizards
  9 kobolds
  2 rats (D:1)
90 creatures vanquished.

Vanquished Creatures (others)
  An orc priest (D:6)
1 creature vanquished.

Grand Total: 91 creatures vanquished

Notes
Turn   | Place    | Note
-------+----------+-------------------------------------------
     0 | D:1      | cforsyth the Kobold Brigand began the quest for the Orb.
     0 | D:1      | Reached XP level 1. HP: 12/12 MP: 1/1
   183 | D:1      | Reached XP level 2. HP: 18/18 MP: 2/2
   876 | D:1      | Reached XP level 3. HP: 22/22 MP: 3/3
  1711 | D:3      | Found a sparkling altar of Nemelex Xobeh.
  1732 | D:3      | Identified the +16 plate armour of the Echidna {Dex+3}
  1783 | D:3      | Reached XP level 4. HP: 27/27 MP: 4/4
  2135 | D:3      | Found a sacrificial altar of Ru.
  2324 | D:3      | Identified the +5 hand axe of the Pit {heavy, +Blink rC+
                  | Str+3 SInv}
  2564 | D:3      | Reached skill level 3 in Fighting
  2615 | D:4      | Noticed a scorpion
  2622 | D:4      | Killed a scorpion
  2623 | D:4      | Reached skill level 1 in Maces & Flails
  2623 | D:4      | Reached skill level 1 in Armour
  2623 | D:4      | Reached XP level 5. HP: 25/32 MP: 5/5
  2934 | D:4      | Found a shimmering blue altar of Sif Muna.
  2962 | D:4      | Reached skill level 4 in Fighting
  2962 | D:4      | Reached XP level 6. HP: 21/38 MP: 6/6
  3673 | D:5      | Entered Level 5 of the Dungeon
  3725 | D:5      | Reached XP level 7. HP: 42/44 MP: 7/7
  3761 | D:5      | HP: 3/66 [orc priest/+0 whip (3)]
  4039 | D:5      | Reached skill level 5 in Fighting
  4335 | D:5      | Noticed a water elemental
  4336 | D:5      | Found a stormy altar of Qazlal.
  4336 | D:5      | Noticed a fire elemental
  4339 | D:5      | Noticed an air elemental
  4405 | D:5      | Reached XP level 8. HP: 50/50 MP: 8/8
  4701 | D:6      | Found an opulent altar of Gozag.
  4907 | D:6      | Reached skill level 6 in Fighting
  5184 | D:6      | Found a hide-covered altar of Uskayaw.
  5314 | D:6      | Noticed a shadow
  5315 | D:6      | Noticed asti's ghost (novice MiBe)
  5327 | D:6      | Found a transporter.
  5348 | D:6      | Found a transporter.
  5588 | D:7      | Noticed a hornet
  5594 | D:7      | Paralysed by a hornet for 3 turns
  5598 | D:7      | HP: 3/78 [wight/+3 falchion (5)]
  5599 | D:7      | Succumbed to a hornet's poison

Illustrated notes

Levels and vault maps discovered:
D:1:      nagdon_arrival_double_spiral, layout_loops_ring,
          serial_co_window_serial, co_window_paths_a, co_window_paths_a,
          co_window_paths_b, co_window_of_opportunity_a, co_window_corner_a,
          co_window_paths_c, co_window_broadway_a, co_window_paths_c,
          co_window_2corner, co_window_corner_ca, co_window_paths_d,
          minmay_pentomino_r4
D:2:      layout_loops_ring, kennysheep_potato
D:3:      layout_loops_corners, nemelex_xobeh_ov_fountains_minmay,
          lemuel_round_altar
D:4:      layout_gridville, lemuel_blue_sif_altar,
          minmay_misc_feat_secret_circle, minmay_unequal
D:5:      layout_basic, nicolae_qazlal_style_of_elements
D:6:      layout_gridville, nicolae_gozag_cash_rules_everything_around_me,
          kennysheep_little_box, gammafunk_ghost_arena, serial_park_tiny_1,
          st_stairs_2
D:7:      layout_cave_pools, yredelemnul_altar_generic, old_standard_altar,
          minmay_temple_entry_grid, minmay_fractal_squares_diagonal_5

Skill      XL: |  1  2  3  4  5  6  7  8 |
---------------+-------------------------+-----
Short Blades   | 3 |  3.4
Dodging        | 2 |  2.2
Fighting       | 3 4 5 6 |  6.6
Maces & Flails | 1 2 3 4 |  4.7
Armour         | 1 2 3 4 |  4.3
Long Blades    | |  0.1
Throwing       | |  2.1
Stealth        | |  5.8

Action                     |  1- 3 |  4- 6 |  7- 9 || total
---------------------------+-------+-------+-------++-------
  Melee: Dagger            |    80 |    15 |       ||    95
         Hand axe          |       |    63 |    59 ||   122
         Punch             |       |     2 |     2 ||     4
    Use: Potion            |       |       |     2 ||     2
   Stab: Sleeping          |    19 |       |       ||    19
 Armour: Robe              |     8 |       |       ||     8
         Plate armour      |     3 |   108 |   116 ||   227
  Dodge: Dodged            |    35 |    21 |    33 ||    89

Table legend: (Time is in decaauts)
 A = Elapsed time spent in this place.
 B = Non-inter-level travel time spent in this place.
 C = Inter-level travel time spent in this place.
 D = Time resting spent in this place.
 E = Time spent auto-exploring this place.
 F = Levels seen in this place.
 G = Mean time per level.
                   A        B        C        D        E       F      G
               +--------+--------+--------+--------+--------+-----+--------+
         Total |   5703 |   5509 |    194 |    153 |   4728 |   7 |  814.7 |
       Dungeon |   5703 |   5509 |    194 |    153 |   4728 |   7 |  814.7 |
               +--------+--------+--------+--------+--------+-----+--------+

Top non-repeatable levels by time:
     D:4: 1108 daAuts
     D:3: 1034 daAuts
     D:5: 1022 daAuts
     D:1: 951 daAuts
     D:6: 820 daAuts
     D:2: 617 daAuts
     D:7: 148 daAuts
